Map: Ruins of Seras

Players

GoodVibes

  • Race: Protoss Protoss

Univerze

  • Race: Protoss Protoss

Whiplash - Winner!

  • Race: Terran Terran

Shamanas - Winner!

  • Race: Terran Terran

VOD

Have the link to the VOD?

Description

Time

  • Played on: May 1, 2015, 6:42 a.m.
  • Length: 12:49
Show
View Real Time Build Order
Export as new Build Order

GoodVibes Protoss 

Build Orders: Oracle Opening, Oracle Opening 

Get SALT Encoding   

  12  0:01  Probe  
  13  0:14  Pylon  
  13  0:24  Probe  
  14  0:36  Probe  
  14  0:37  Gateway  
  15  0:45  Probe  
  16  0:53  Probe  
  16  0:54  Assimilator  
  17  1:06  Probe  
  17  1:11  Pylon  
  18  1:14  Probe  
  19  1:24  Cybernetics Core  
  19  1:26  Probe  
  19  1:30  Pylon  
  20  1:55  Mothership Core, Nexus  
  21  2:08  Assimilator  
  21  2:16  Probe  
  21  2:18  Pylon  
  21  2:20  Stalker  
  24  2:30  Warp Gate  
  24  2:38  Probe  
  25  2:50  Probe  
  25  3:03  Probe  
  25  3:12  Probe  
  26  3:14  Probe, Stargate  
  28  3:25  Probe, Pylon  
  28  3:27  Probe  
  30  3:35  Probe  
  30  3:39  Probe, Assimilator  
  32  3:43  Probe  
  33  3:50  Oracle  
  33  3:51  Probe  
  33  3:52  Assimilator  
  33  3:55  Probe  
  35  4:01  Probe  
  38  4:08  Probe  
  40  4:10  Probe  
  39  4:20  Probe x2  
  41  4:27  Gateway  
  41  4:30  Gateway  
  41  4:32  Probe  
  42  4:41  Probe  
  42  4:43  Probe  
  43  4:50  Probe  
  43  4:52  Probe  
  46  5:02  Probe  
  46  5:03  Probe  
  46  5:06  Robotics Facility  
  48  5:10  Stalker  
  48  5:13  Phoenix  
  48  5:38  Phoenix  
  49  6:01  Robotics Bay  
  49  6:02  Gateway  
  49  6:06  Gateway  
  49  6:08  Immortal  
  49  6:09  Gateway  
  49  6:23  Stalker  
  49  6:24  Stalker, Phoenix  
  59  6:45  Pylon  
  59  6:47  Forge  
  59  6:52  Pylon  
  57  7:10  Immortal  
  47  7:24  Pylon  
  42  7:33  Stalker x5  
  52  7:47  Probe  
  52  7:50  Observer  
  52  7:51  Probe  
  51  7:56  Probe  
  51  8:03  Probe, Protoss Ground Armor Level 1  
  53  8:08  Probe  
  53  8:10  Disruptor  
  53  8:12  Photon Cannon  
  58  8:13  Twilight Council  
  58  8:14  Probe  
  59  8:22  Probe x2, Disruptor  
  61  8:30  Pylon  
  61  8:32  Probe  
  62  8:34  Probe  
  62  8:37  Zealot  
  62  8:38  Zealot  
  62  8:41  Stalker  
  69  8:46  Probe  
  67  9:08  Zealot  
  67  9:09  Zealot x3  
  72  9:21  Probe  
  72  9:24  Probe  
  72  9:29  Probe  
  74  9:34  Probe  
  72  9:41  Probe  
  72  9:42  Probe  
  73  9:51  Probe  
  73  9:52  Probe  
  74  9:59  Probe  
  76  10:00  Probe  
  76  10:02  Sentry x2  
  76  10:03  Sentry  
  84  10:10  Disruptor  
  84  10:15  Templar Archives  
  76  10:38  Probe  
  76  10:41  Probe  
  55  10:51  Probe  
  55  10:54  Probe  
  55  10:55  Zealot x2  
  55  10:56  Stalker x2  
  50  11:00  Probe  
  50  11:01  Psionic Storm  
  47  11:06  Probe  
  47  11:09  Probe  
  39  11:18  Probe  
  41  11:20  Probe  
  41  11:25  High Templar  
  44  11:30  Probe  
  44  11:32  Probe  
  42  11:41  High Templar  
  42  11:42  Probe  
  42  11:44  Probe  
  46  11:54  Probe  
  45  12:08  High Templar  
  47  12:09  Zealot  
  47  12:11  Zealot  
Show
View Real Time Build Order
Export as new Build Order

Univerze Protoss 

Build Orders:  

Get SALT Encoding   

  12  0:01  SCV  
  13  0:13  SCV  
  14  0:17  Supply Depot  
  14  0:27  SCV  
  15  0:46  SCV, Barracks  
  16  0:50  Refinery  
  16  0:59  SCV  
  17  1:11  SCV  
  18  1:23  SCV  
  19  1:35  Orbital Command  
  19  1:39  Reaper  
  20  1:56  Command Center  
  20  2:00  SCV  
  21  2:04  Supply Depot  
  21  2:13  SCV  
  22  2:23  Factory  
  22  2:25  SCV  
  23  2:37  SCV  
  23  2:39  Barracks Tech Lab  
  24  2:49  SCV  
  24  3:01  SCV  
  25  3:09  Orbital Command  
  25  3:10  Barracks Tech Lab, Barracks  
  25  3:13  SCV  
  25  3:14  Barracks  
  26  3:23  Refinery  
  26  3:25  SCV  
  27  3:28  Cyclone  
  30  3:37  SCV  
  30  3:46  Marine  
  30  3:49  SCV  
  31  3:57  SCV  
  31  4:00  Barracks Reactor  
  31  4:01  SCV  
  31  4:02  Refinery  
  33  4:05  Missile Turret  
  33  4:08  Command Center  
  33  4:13  SCV  
  32  4:20  Cyclone  
  32  4:22  Marine  
  32  4:23  Marine  
  35  4:38  Marine x2  
  35  4:40  Marine  
  35  4:41  Marine  
  35  4:42  Supply Depot  
  38  4:47  SCV x2  
  37  4:56  Marine  
  37  4:59  Missile Turret  
  36  5:00  Missile Turret  
  36  5:03  Marine x2  
  36  5:06  SCV  
  34  5:09  SCV  
  34  5:13  Marine  
  33  5:20  Orbital Command  
  33  5:21  SCV  
  33  5:24  SCV  
  33  5:27  Marine x2  
  37  5:29  Combat Shields  
  37  5:35  Marine  
  37  5:36  Marine  
  37  5:39  SCV x2  
  41  5:47  SCV  
  41  5:49  Marine x2  
  44  5:51  SCV  
  44  5:54  Bunker, Marine x2  
  47  5:59  Starport  
  47  6:01  SCV  
  47  6:02  SCV  
  49  6:09  SCV  
  50  6:13  SCV  
  50  6:15  Engineering Bay  
  50  6:17  SCV  
  52  6:21  SCV, Barracks Reactor  
  52  6:24  Marauder  
  55  6:26  Marine x2  
  55  6:31  SCV x2  
  59  6:35  Supply Depot  
  59  6:36  SCV  
  59  6:38  Starport Reactor  
  60  6:43  SCV, Marine  
  60  6:44  SCV  
  60  6:45  Refinery  
  63  6:48  SCV  
  63  6:49  Marine  
  63  6:51  Stimpack  
  64  6:55  SCV  
  64  6:56  SCV, Marine  
  64  6:57  Marine  
  64  7:00  SCV  
  69  7:05  Marine  
  69  7:07  SCV  
  67  7:08  SCV  
  67  7:13  SCV  
  67  7:14  Supply Depot  
  69  7:20  SCV, Siege Tank  
  69  7:22  Medivac  
  75  7:25  SCV  
  77  7:32  SCV  
  77  7:33  Supply Depot  
  77  7:36  Orbital Command  
  77  7:37  SCV  
  72  7:44  Marine  
  72  7:45  Marine x3  
  72  7:47  SCV  
  72  7:49  SCV  
  74  7:54  Bunker  
  73  8:01  SCV x2, Barracks  
  73  8:02  Barracks  
  73  8:03  Barracks  
  75  8:08  SCV  
  75  8:09  Marine x2  
  75  8:11  Marauder  
  79  8:13  SCV, Medivac x2  
  79  8:19  Command Center  
  82  8:21  SCV x2  
  82  8:24  Marine  
  82  8:25  Supply Depot, Marine  
  84  8:27  Marine x2  
  84  8:28  SCV  
  84  8:32  Marine  
  84  8:33  SCV x2  
  86  8:35  Terran Infantry Weapons Level 1  
  86  8:39  Engineering Bay  
  86  8:42  SCV, Marine x2  
  86  8:43  Medivac x2  
  86  8:46  SCV  
  86  8:47  SCV, Marine x2  
  93  8:49  Marine x3  
  93  8:53  Marine  
  93  8:54  SCV  
  95  9:00  Marine x2  
  94  9:05  Marine x2  
  94  9:06  Marine  
  94  9:07  Marine x2  
  94  9:08  Supply Depot  
  94  9:09  Supply Depot, Orbital Command  
  96  9:10  Marine  
  96  9:16  Cyclone  
  92  9:18  Marine x2  
  92  9:22  Marine x2  
  87  9:24  Marine x2  
  87  9:26  Marauder  
  87  9:28  Marine  
  90  9:33  SCV  
  90  9:36  Marine x2  
  93  9:40  Medivac, Marine x2  
  93  9:42  Marine x2  
  99  9:46  Marine  
  99  9:47  Marine  
  99  9:48  SCV x2  
  99  9:52  Supply Depot  
  103  9:53  Marine  
  103  9:54  Marine  
  103  9:55  SCV, Supply Depot  
  103  9:58  Marine x2  
  108  10:00  SCV  
  108  10:02  Medivac  
  108  10:06  Marine  
  115  10:09  Barracks Reactor x2  
  115  10:10  Barracks Tech Lab  
  115  10:11  Marine  
  115  10:13  Terran Infantry Armor Level 1  
  113  10:19  SCV  
  113  10:20  SCV x2, Marine x2  
  118  10:22  Armory  
  118  10:24  Missile Turret  
  118  10:26  Refinery  
  114  10:30  Cyclone  
  114  10:31  Command Center  
  114  10:32  SCV x3, Medivac x2  
  121  10:36  Marauder  
  121  10:37  Marauder  
  121  10:42  Supply Depot, Marine x2  
  124  10:43  Marine x2  
  124  10:49  Marine x4  
  117  10:55  SCV  
  117  10:57  Marine  
  114  10:58  Marauder  
  114  11:00  Marine x3  
  114  11:01  Marine  
  114  11:02  Medivac x2  
  126  11:04  Cyclone  
  126  11:07  Marine  
  119  11:15  Marauder, Marine x3  
  119  11:16  Supply Depot  
  119  11:18  Supply Depot, Marine  
  120  11:20  Marine  
  120  11:21  Marine x2  
  120  11:24  Marine  
  120  11:25  Marine  
  124  11:32  Marine  
  124  11:33  Marine x2  
  124  11:36  SCV, Marine x2  
  124  11:38  Marine x3  
  133  11:43  SCV  
  133  11:44  SCV, Marine  
  137  11:49  Medivac x2  
  137  11:50  Cyclone, Marine  
  137  11:53  Marauder, Orbital Command  
  145  11:58  Marine  
  144  12:06  SCV x2  
  144  12:07  Bunker  
  145  12:09  Supply Depot, Marine x2  
  145  12:11  Marine  
  145  12:12  Marine  
  149  12:15  Marine  
  149  12:16  Marine x2  
  149  12:17  Marine  
  149  12:18  SCV, Missile Turret  
  155  12:25  Marine x2  
  156  12:33  Bunker  
Show
View Real Time Build Order
Export as new Build Order

Whiplash Terran - Winner!

Build Orders:  

Get SALT Encoding   

Show
View Real Time Build Order
Export as new Build Order

Shamanas Terran - Winner!

Build Orders:  

Get SALT Encoding   

Tags
 
Add a new tag
Caveats
  • Supply blocks, unpowered buildings, or Contaminate may cause inaccurate times.
  • Supply counts are checked every 10 seconds.